 Dungeon Crawl Stone Soup version 0.25-a0-290-g4a1327ee3a (webtiles) character file.

Game seed: 13386500268538260848, levelgen mode: deterministic

10353 yumian the Fighter (level 11, -8/97 HPs)
             Began as a Grey Draconian Conjurer on Dec 14, 2019.
             Was a Follower of Vehumet.
             Shot with a bolt by an orc knight (33 damage)
             ... on level 10 of the Dungeon.
             The game lasted 00:48:09 (12851 turns).

yumian the Fighter (Grey Draconian Conjurer)       Turns: 12851, Time: 00:48:10

Health: -8/97      AC: 24    Str: 12    XL:     11   Next: 35%
Magic:  1/22       EV: 15    Int: 15    God:    Vehumet [*.....]
Gold:   340        SH:  0    Dex: 14    Spells: 18/25 levels left

rFire    . . .     SeeInvis .   a - +3 hand axe (elec)
rCold    . . .     Gourm    .   (no shield)
rNeg     . . .     Faith    .   (armour unavailable)
rPois    .         Spirit   .   (helmet restricted)
rElec    .         Reflect  .   A - +2 cloak
rCorr    .         Harm     .   B - +2 pair of gloves
MR       .....                  H - +2 pair of boots {Fly}
Stlth    ++........             i - amulet of regeneration
HPRegen  0.66/turn              G - +3 ring of protection
MPRegen  0.18/turn              (no ring)

@: flying, very slightly contaminated
A: walk through water, unfitting armour, unbreathing, cold-blooded, AC +12
a: Renounce Religion, Stop Flying


You were on level 10 of the Dungeon.
You worshipped Vehumet.
Vehumet was aware of your devotion.
You were hungry.

You visited 2 branches of the dungeon, and saw 11 of its levels.

You collected 572 gold pieces.
You spent 232 gold pieces at shops.

Inventory:

Hand Weapons
 a - a +3 hand axe of electrocution (weapon)
 l - a +2 whip of holy wrath
 n - a +4 spear
 D - a +5 hand axe
Missiles
 d - 47 poisoned darts (quivered)
Armour
 A - a +2 cloak (worn)
 B - a +2 pair of gloves (worn)
 H - a +2 pair of boots of flying (worn)
Jewellery
 i - an amulet of regeneration (around neck)
 F - an uncursed amulet of the acrobat
 G - a +3 ring of protection (left hand)
Wands
 f - a wand of digging (4)
 o - a wand of polymorph (8)
 C - a wand of iceblast (15)
 I - a wand of paralysis (6)
Scrolls
 c - 7 scrolls of remove curse
 g - 5 scrolls of teleportation
 h - 2 scrolls of magic mapping {unknown}
 j - 4 scrolls of fear
 q - 2 scrolls of amnesia {unknown}
 u - 5 scrolls of immolation
 w - 3 scrolls of blinking {unknown}
 y - 2 scrolls of fog {unknown}
 E - 2 scrolls of enchant weapon {unknown}
 J - a scroll of vulnerability {unknown}
 K - a scroll of identify
Potions
 e - a potion of lignification
 m - a potion of invisibility
 p - a potion of berserk rage
 r - a potion of brilliance
 s - 3 potions of haste
 t - 8 potions of curing
 v - 2 potions of resistance
 x - a potion of magic
 z - a potion of might
 L - 2 potions of mutation {unknown}
Comestibles
 b - 24 rations


   Skills:
 * Level 9.0 Fighting
 + Level 2.6 Axes
 - Level 0.1(1.5) Maces & Flails
 - Level 7.0 Throwing
 * Level 6.2 Dodging
 - Level 1.9 Stealth
 - Level 1.0 Unarmed Combat
 + Level 7.5 Spellcasting
 + Level 7.9 Conjurations
 - Level 8.0 Hexes


You had 18 spell levels left.
You knew the following spells:

 Your Spells              Type           Power        Failure   Level  Hunger
a - Magic Dart            Conj           ####         1%          1    None
b - Searing Ray           Conj           ####..       1%          2    None
c - Fulminant Prism       Conj/Hex       ####......   4%          4    ####...

Your spell library contained the following spells:

 Spells                   Type           Power        Failure   Level  Hunger
 Freeze                   Ice            #...         13%         1    None
 Dazzling Flash           Conj/Hex       ####..       1%          3    ##.....
 Iskenderun's Mystic Bla  Conj/Tloc      ###.....     24%         4    ####...


Dungeon Overview and Level Annotations

Branches:
Dungeon (10/15)            Temple (1/1) D:4            Lair (0/6) D:9
    Orc (0/2) D:10

Altars:
Ashenzari
Cheibriados
Dithmenos
Elyvilon
Fedhas
Gozag
Hepliaklqana
Kikubaaqudgha
Makhleb
Nemelex Xobeh
Okawaru
Qazlal
Ru
Sif Muna
Trog
Uskayaw
Vehumet
Wu Jian
Xom
Yredelemnul
Zin
The Shining One

Shops:
D:4 (   D:8 [%

Annotations:
D:1 exclusion: downstairs
D:2 Grinder


Innate Abilities, Weirdness & Mutations

You can walk through water.
Your dull iron-grey scales are very hard. (AC +12)
You cannot fit into any form of body armour.
You can survive without breathing.
You are cold-blooded and may be slowed by cold attacks.


Message History

A fulminant prism comes into view.
The orc knight shoots a bolt.
The bolt hits your fulminant prism!!
Your fulminant prism detonates feebly.
Casting: Fulminant Prism (safe; 4% risk of failure)
Confirm with . or Enter, or press ? or * to list all spells.
You don't know that spell.
There isn't anything here!
Unknown command.
Casting: Fulminant Prism (safe; 4% risk of failure)
Confirm with . or Enter, or press ? or * to list all spells.
Aiming: Fulminant Prism (safe; 4% risk of failure)
Press: ? - help, Dir - move target cursor You miscast Fulminant Prism.
You are very lightly contaminated with residual magic.
You feel off-balance for a moment.
The orc knight shoots a bolt.
The bolt hits you!
* * * LOW HITPOINT WARNING * * *
The orc knight no longer looks unusually strong.
The orc knight shoots a bolt.
The bolt hits you!!
You die...

'#### ###>....# #........# ...#
#.....# #####'#### ##.# #######
#..# #### ######'#### ....##
#...#...#.# ..8..8# ###.#.#.#.#
().....### ####...#...#.#
(((.o[.oo###########..'.#####.#.#
...ยง...#{o.((..(@....##.#...#...#
).8..8#################.#.#.###.'
....## #...#.....# ########
########'## .......# ##..#
####.### ####>.## .....# #....##
....## ####'####### ....#########
#...........


You could see an orc knight.

Vanquished Creatures
  Joseph (D:7)
  3 trolls
  3 hornets (D:9)
  2 hippogriffs
  4 yaks (D:9)
  A basilisk (D:9)
  A steam dragon (D:10)
  Menkaure (D:7)
  2 soldier ants (D:9)
  A water moccasin (D:10)
  2 porcupines (D:9)
  3 orc warriors
  A black bear (D:10)
  Duvessa (D:4)
  3 phantoms
  2 ice beasts
  12 ogres
  3 centaurs
  5 crocodiles
  5 big kobolds
  A wyvern zombie (D:7)
  5 bullfrogs
  2 gnoll sergeants (D:10)
  A water moccasin zombie (D:9)
  Dowan (D:4)
  4 scorpions
  6 killer bees (D:8)
  6 wights (D:6)
  2 howler monkeys
  3 crimson imps
  4 quasits (D:5)
  2 bullfrog zombies
  6 hounds
  2 orc priests
  A bullfrog skeleton (D:9)
  Terence (D:2)
  5 iguanas
  12 worker ants
  Natasha (thrice) (D:2)
  3 orc wizards
  A howler monkey zombie (D:5)
  11 gnolls
  11 adders
  A shadow imp (D:9)
  An ooze (D:2)
  An adder skeleton (D:7)
  4 worms
  3 dart slugs
  8 leopard geckos
  31 orcs
  7 giant cockroaches
  3 hobgoblins
  8 jackals
  15 kobolds
  6 quokkas
  7 bats
  8 frilled lizards
  9 goblins
  A jackal skeleton (D:7)
  A leopard gecko zombie (D:8)
  A quokka skeleton (D:4)
  13 rats
277 creatures vanquished.

Vanquished Creatures (others)
  17 fulminant prisms
  A fungus (D:9)
  A plant (D:9)
19 creatures vanquished.

Grand Total: 296 creatures vanquished

Notes
Turn   | Place    | Note
-------+----------+-------------------------------------------
     0 | D:1      | yumian the Draconian Conjurer began the quest for the Orb.
     0 | D:1      | Reached XP level 1. HP: 14/14 MP: 3/3
   361 | D:1      | Reached XP level 2. HP: 20/20 MP: 0/5
   365 | D:1      | Learned a level 2 spell: Searing Ray
   529 | D:1      | You fall into a shaft and drop 1 floor!
  1063 | D:1      | Reached XP level 3. HP: 26/26 MP: 3/6
  2090 | D:2      | Noticed Terence
  2115 | D:2      | Killed Terence
  2115 | D:2      | Reached skill level 5 in Conjurations
  2115 | D:2      | Reached XP level 4. HP: 32/33 MP: 1/7
  2190 | D:2      | Noticed Natasha
  2194 | D:2      | Killed Natasha
  2292 | D:2      | Noticed Natasha
  2295 | D:2      | Killed Natasha
  2447 | D:2      | Reached skill level 1 in Throwing
  2447 | D:2      | Reached skill level 1 in Unarmed Combat
  2447 | D:2      | Reached XP level 5. HP: 39/39 MP: 5/9
  2551 | D:2      | Noticed Natasha
  2556 | D:2      | Killed Natasha
  2803 | D:2      | Learned a level 4 spell: Fulminant Prism
  3291 | D:3      | Found a hide-covered altar of Uskayaw.
  3318 | D:3      | Noticed Grinder
  3369 | D:3      | Paralysed by Grinder for 4 turns
  3382 | D:2      | Paralysed by Grinder for 2 turns
  3398 | D:2      | Paralysed by Grinder for 7 turns
  3685 | D:3      | Reached XP level 6. HP: 46/46 MP: 1/11
  4272 | D:4      | Found Tochuotz's Antique Weapon Emporium.
  4463 | D:4      | Found a snail-covered altar of Cheibriados.
  4476 | D:4      | Reached skill level 1 in Hexes
  4529 | D:4      | Noticed Duvessa
  4529 | D:4      | Noticed Dowan
  5106 | D:4      | Found an iron altar of Okawaru.
  5246 | D:4      | Killed Duvessa
  5246 | D:4      | Your scales start taking on a dull iron-grey colour.
  5246 | D:4      | Reached XP level 7. HP: 50/51 MP: 9/13
  5246 | D:4      | Gained mutation: You can survive without breathing. [Grey
                  | Draconian growth]
  5256 | D:4      | Killed Dowan
  5359 | D:4      | Found a staircase to the Ecumenical Temple.
  5454 | Temple   | Entered the Ecumenical Temple
  5582 | D:4      | Found a sparkling altar of Nemelex Xobeh.
  5617 | D:5      | Entered Level 5 of the Dungeon
  5696 | D:5      | Reached skill level 1 in Fighting
  6112 | D:5      | Reached skill level 2 in Fighting
  6266 | D:5      | Reached XP level 8. HP: 52/61 MP: 4/14
  6672 | D:5      | Found a shattered altar of Ashenzari.
  6962 | D:5      | Reached skill level 7 in Fighting
  6962 | D:5      | Reached skill level 5 in Dodging
  6962 | D:5      | Reached XP level 9. HP: 79/79 MP: 14/18
  8603 | D:7      | Noticed Menkaure
  8606 | D:7      | Killed Menkaure
  8682 | D:7      | Reached XP level 10. HP: 88/88 MP: 8/19
  8874 | D:7      | Noticed Joseph
  8886 | D:7      | Killed Joseph
  9069 | D:7      | Reached skill level 8 in Fighting
  9069 | D:7      | Reached skill level 1 in Axes
  9733 | D:8      | Found Ezary's Food Emporium.
  9798 | D:8      | Found a glowing silver altar of Zin.
  9798 | D:8      | Found a basalt altar of Yredelemnul.
 10017 | D:8      | Found Ikunues's Antique Armour Emporium.
 10027 | D:8      | Bought a pair of runed boots for 232 gold pieces
 10348 | D:9      | Found a staircase to the Lair.
 10572 | D:9      | Found a bloodstained altar of Trog.
 10766 | D:9      | Found a radiant altar of Vehumet.
 10862 | D:9      | Became a worshipper of Vehumet
 11083 | D:9      | Reached XP level 11. HP: 86/95 MP: 17/21
 11320 | D:10     | Entered Level 10 of the Dungeon
 11345 | D:10     | Found a staircase to the Orcish Mines.
 11632 | D:10     | Reached * piety under Vehumet
 11632 | D:10     | Offered knowledge of Freeze by Vehumet.
 12010 | D:10     | Reached skill level 9 in Fighting
 12673 | D:10     | Found a runed translucent door.
 12816 | D:10     | Noticed an orc knight
 12834 | D:10     | Noticed an orc knight
 12851 | D:10     | Shot with a bolt by an orc knight

Levels and vault maps discovered:
D:1:      kennysheep_arrival_seaside, layout_loops_corners
D:2:      minmay_razor_zed, layout_loops_ring, uniq_natasha, uniq_terence
D:3:      layout_loops_ring, eat_drink_and_be_merry_uskayaw,
          serial_park_tiny_pond, uniq_grinder
D:4:      layout_basic, lemuel_crystal_altar, nemelex_altar_shiori,
          okawaru_altar_gauntlet_db, temple_doors_ab, serial_shops,
          nicolae_shop_stone, uniq_duvessa
D:5:      cheibrodos_quashed, layout_basic, kennysheep_mini_moat, first_ration,
          corexii_hall_statues_x
D:6:      layout_basic, chequers_serial_rivers_room_a
D:7:      layout_loops_cross, uniq_joseph, uniq_menkaure
D:8:      layout_rooms, grunt_temple_overflow_open, serial_shops,
          nicolae_shop_trees, shop_fountains
D:9:      layout_long_grid, nicolae_overflow_crystal_walls, bloody_trog,
          minmay_lair_entry_grove, hangedman_pestilent_swarm
D:10:     layout_roguey, kennysheep_orc_monster_closet_entryway,
          lightli_church_of_beogh
Temple:   dshaligram_water_room_temple

Skill      XL: |  1  2  3  4  5  6  7  8  9 10 11 |
---------------+----------------------------------+-----
Dodging        | 2 5 6 |  6.2
Conjurations   | 5 6 7 |  7.9
Throwing       | 1 2 4 6 7 |  7.0
Unarmed Combat | 1 |  1.0
Spellcasting   | 3 4 6 7 |  7.5
Hexes          | 1 2 6 7 8 |  8.0
Fighting       | 2 7 8 9 |  9.0
Axes           | 2 |  2.6
Maces & Flails | |  0.1
Stealth        | |  1.9

Action                   |  1- 3 |  4- 6 |  7- 9 | 10-12 || total
-------------------------+-------+-------+-------+-------++-------
Melee: Unarmed           |     2 |       |       |       ||     2
       Whip              |       |    14 |    14 |       ||    28
       Hand axe          |       |       |     8 |    47 ||    55
       Tailslap          |       |       |     2 |     7 ||     9
Throw: Dart              |    15 |    73 |    74 |   127 ||   289
 Cast: Magic Dart        |    60 |    66 |    97 |   123 ||   346
       Searing Ray       |     2 |    20 |    34 |    51 ||   107
       Fulminant Prism   |       |       |       |    17 ||    17
Evoke: Wand              |       |       |     1 |       ||     1
  Use: Potion            |       |     1 |     1 |     1 ||     3
       Scroll            |       |     2 |    11 |     6 ||    19
  Eat: Chunk             |     4 |    11 |     8 |    14 ||    37
       Ration            |       |       |     1 |       ||     1
Armor: Skin              |     6 |    10 |    63 |    86 ||   165
Dodge: Dodged            |    17 |    40 |   105 |   203 ||   365

Table legend:
 A = Non-vault XP
 B = Vault XP
 C = Vault XP percentage of total XP
 D = Non-vault monster count
 E = Vault monster count
 F = Vault count percentage of total count
                 A         B        C        D         E       F
            +---------+---------+-------+---------+---------+-------
      Total |    7592 |    5521 |  42.1 |     203 |      74 |  26.7
            +---------+---------+-------+---------+---------+-------
        D:1 |      45 |       0 |   0.0 |      27 |       0 |   0.0
        D:2 |     188 |     101 |  34.9 |      15 |      16 |  51.6
        D:3 |     127 |       0 |   0.0 |      18 |       0 |   0.0
        D:4 |     208 |     228 |  52.3 |       7 |       8 |  53.3
        D:5 |     659 |     180 |  21.5 |      20 |       4 |  16.7
        D:6 |    1528 |       0 |   0.0 |      31 |       0 |   0.0
        D:7 |     981 |     614 |  38.5 |      25 |       2 |   7.4
        D:8 |    1378 |       0 |   0.0 |      29 |       0 |   0.0
        D:9 |    1094 |    3083 |  73.8 |      11 |      20 |  64.5
       D:10 |    1384 |    1315 |  48.7 |      20 |      24 |  54.5
            +---------+---------+-------+---------+---------+-------
